 Dungeon Crawl Stone Soup version 0.31-a0-627-gd65175cf8b (webtiles) character file.

Game seed: 7992714122007747945

2 GordonOverkill the Sneak (level 1, -4/11 HPs)
             Began as a Vine Stalker Delver on Aug 25, 2023.
             Slain by a gnoll
             ... wielding a +0 flail
              (6 damage)
             ... on level 4 of the Dungeon.
             The game lasted 00:00:59 (174 turns).

GordonOverkill the Sneak (Vine Stalker Delver)       Turns: 174, Time: 00:00:59

Health: -4/11      AC:  3    Str: 14    XL:     1   Next: 30%
Magic:  0/2        EV: 11    Int: 10    God:
Gold:   0          SH:  0    Dex: 15    Spells: 0/0 levels left

rFire   . . .        a - +0 short sword
rCold   . . .        (no shield)
rNeg    . . .        b - +0 leather armour
rPois   .            (no helmet)
rElec   .            (no cloak)
rCorr   .            (no gloves)
SInv    .            (no boots)
Will    .....        (no amulet)
Stlth   +++          (no ring)
HPRegen 0.21/turn    (no ring)
MPRegen 0.08/turn

%: guardian spirit
@: hasted, very quick
A: fangs 2, magic shield, antimagic bite, no potion heal 2
a: no special abilities


You were on level 4 of the Dungeon.
You visited 1 branch of the dungeon, and saw 3 of its levels.

Inventory:

Hand Weapons
 a - a +0 short sword (weapon)
Missiles
 h - 3 poisoned darts (quivered)
Armour
 b - a +0 leather armour (worn)
Wands
 g - a wand of digging (3)
Scrolls
 c - a scroll of fog
 d - a scroll of revelation


   Skills:
 + Level 2.7 Fighting
 + Level 1.8 Short Blades
 + Level 0.0 Throwing
 + Level 1.6 Dodging
 - Level 6.0 Stealth


You couldn't memorise any spells.
You didn't know any spells.
Your spell library was empty.

Dungeon Overview and Level Annotations

Branches:
Dungeon (6/15)
 Temple: D:4-7

Altars:


Innate Abilities, Weirdness & Mutations

You have extremely sharp teeth.
When hurt, damage is shared between your health and your magic reserves.
Your bite disrupts and absorbs the magic of your enemies.
Potions cannot restore your health.


Message History

You escape the ball python's grasp.
An orc comes into view. It is wielding a +0 short sword.
The ball python bites you but does no damage.
The ball python grabs you. The ball python constricts you.
The ball python barely misses you. The ball python constricts you.
You escape the ball python's grasp.
The adder attacks as it pursues you! The adder closely misses you.
The adder bites you. The adder attacks as it pursues you! The adder bites you.
* * * LOW HITPOINT WARNING * * *
You are poisoned.
The adder poisons you! The adder bites you but does no damage.
You feel sick. The adder attacks as it pursues you!
The adder completely misses you.
You feel sick.
You feel sick.
You feel sick. The adder misses you.
A hound comes into view.
You feel sick.
You are no longer poisoned.
The adder attacks as it pursues you! The adder bites you but does no damage.
Okay, then.
You feel yourself speed up.
The hound barks!
You hear a shout!
The adder bites you but does no damage. 3 gnolls come into view.
Found a stone staircase leading up.
The gnoll shouts!
Found a metallic coppery potion.
The hound closely misses you. The adder attacks as it pursues you!
The adder closely misses you.
Found 16 gold pieces.
The hound bites you.
* * * LOW HITPOINT WARNING * * *
The adder attacks as it pursues you! The adder closely misses you.
The hound attacks as it pursues you! The hound bites you.
* * * LOW HITPOINT WARNING * * *
The gnoll shouts!
The hound attacks as it pursues you! The hound barely misses you.
The gnoll attacks as it pursues you! The gnoll hits you with a +0 flail!
Ouch! That really hurt!
You die...

#.### ### #.# ##..
#.# ##..####.###
#.....!S...#
#.....S....#
#..........#
##...h.........
#...@gg......##
#....g.......#
#................#
#.#.............$.
# #.#...........#.
#........######
#.###..### #. #.##


You could see a hound, 3 gnolls, an adder and a ball python.

Vanquished Creatures
  2 kobolds (D:6)
2 creatures vanquished.

Notes
Turn   | Place    | Note
-------+----------+-------------------------------------------
     0 | D:5      | GordonOverkill the Vine Stalker Delver began the quest for
                  | the Orb.
     0 | D:5      | Reached XP level 1. HP: 11/11 MP: 2/2
   105 | D:6      | Noticed a water moccasin
   151 | D:4      | Noticed an orc priest
   166 | D:4      | Noticed a hound
   174 | D:4      | Slain by a gnoll

Illustrated notes

Levels and vault maps discovered:
D:4:      layout_rooms, minmay_temple_entry_hall, serial_shops,
          nicolae_shop_stone, kennysheep_orc_chapel
D:5:      layout_loops_corners
D:6:      layout_basic, kennysheep_vampire_church, serial_shops, shop,
          minmay_holes, grunt_decor_mini_mirrors, grunt_potential

Action                     || total
---------------------------++-------
  Melee: Short sword       ||     9
         Bite              ||     1
  Throw: Dart              ||     1
    Use: Scroll            ||     1
         Potion            ||     1
 Armour: Leather armour    ||     9
  Dodge: Dodged            ||    12

Table legend: (Time is in decaauts)
 A = Elapsed time spent in this place.
 B = Non-inter-level travel time spent in this place.
 C = Inter-level travel time spent in this place.
 D = Time resting spent in this place.
 E = Time spent auto-exploring this place.
 F = Levels seen in this place.
 G = Mean time per level.
                   A        B        C        D        E       F      G
               +--------+--------+--------+--------+--------+-----+--------+
         Total |    171 |    153 |     18 |      3 |      0 |   3 |   57.0 |
       Dungeon |    171 |    153 |     18 |      3 |      0 |   3 |   57.0 |
               +--------+--------+--------+--------+--------+-----+--------+

Top non-repeatable levels by time:
     D:6: 139 daAuts
     D:4: 20 daAuts
     D:5: 11 daAuts
